Flames vs BlackHawks

Created - November 11 2011 at 18:22

Goals
1 2 3 T
Flames 1 1 2 4
BlackHawks 2 2 1 5
Shots
1 2 3 T
Flames 13 10 8 31
BlackHawks 8 9 11 28

Period #1

1. BlackHawks , Mathieu Darche 1 (Anton Babchuk, Mats Zuccarello) at 1:54 (PP)
2. Flames , Anze Kopitar 9 (Dan Hamhuis, Devin Setoguchi) at 6:50
3. BlackHawks , Mats Zuccarello 2 (Mathieu Darche, Mark Eaton) at 18:08

Penalties :
Erik Johnson (CGY) for Roughing (Minor) at 1:14, Hal Gill (CHI) for Slashing (Minor) at 2:54, Mikael Samuelsson (CGY) for Roughing (Minor) at 8:32, Mark Eaton (CHI) for Tripping (Minor) at 9:09, Chris Campoli (CHI) for Roughing (Minor) at 13:24, Josh Gorges (CGY) for High sticking (Minor) at 18:32

Period #2

4. BlackHawks , Darren Helm 2 (Sean Avery, Cody McCormick) at 9:40
5. Flames , Joffrey Lupul 4 (John Tavares, Dan Hamhuis) at 12:47 (PP)
6. BlackHawks , Mattias Ohlund 1 (Joe Thornton, Tyler Kennedy) at 17:16 (PP)

Penalties :
Anton Babchuk (CHI) for Hooking (Minor) at 2:05, Sean Avery (CHI) for Hooking (Minor) at 4:10, Devin Setoguchi (CGY) for Charging (Minor) at 7:09, Mark Eaton (CHI) for Holding (Minor) at 12:28, Josh Gorges (CGY) for Roughing (Minor) at 13:53, John Tavares (CGY) for Roughing (Minor) at 16:34

Period #3

7. BlackHawks , Pavel Datsyuk 8 (Mathieu Darche, Mark Eaton) at 11:52
8. Flames , John Tavares 6 (Michael Grabner, Erik Johnson) at 17:31 (PP)
9. Flames , Teddy Purcell 3 (Josh Gorges, Pierre-Marc Bouchard) at 18:39

Penalties :
Mathieu Darche (CHI) for Hooking (Minor) at 2:50, Dan Hamhuis (CGY) for Hooking (Minor) at 2:50, Devin Setoguchi (CGY) for Hooking (Minor) at 4:56, Jiri Hudler (CGY) for Hooking (Minor) at 13:58, Anze Kopitar (CGY) for High sticking (Minor) at 14:40, Ron Hainsey (CHI) for Interference (Minor) at 17:01

Goalie Stats

Sergei Bobrovsky (CGY), 16 saves from 18 shots - (0.889), L, 1-4-0, 29:37 minutes
Miikka Kiprusoff (CGY), 7 saves from 10 shots - (0.700), 29:40 minutes
Jose Theodore (CHI), 27 saves from 31 shots - (0.871), W, 5-9-1, 60:00 minutes

Players Stats

Flames
Player Name              G  A  P  +/- PIM S  H  SB FO    MP 
------------------------------------------------------------
Alex Steen               0  0  0   0  0   4  0  0  2/2   21 
Anze Kopitar             1  0  1   1  2   4  0  0  17/26 18 
Carl Gunnarsson          0  0  0   0  0   0  0  0  0/0   7  
Dan Boyle                0  0  0   1  0   0  0  2  0/0   22 
Dan Hamhuis              0  2  2   1  2   1  0  1  0/0   23 
Devin Setoguchi          0  1  1   1  4   0  1  0  1/1   10 
Erik Johnson             0  1  1   0  2   0  0  1  0/0   18 
Jack Johnson             0  0  0   0  0   0  2  1  0/0   16 
Jiri Hudler              0  0  0  -2  2   2  1  0  0/0   13 
Joffrey Lupul            1  0  1   0  0   2  2  0  1/1   10 
John Tavares             1  1  2   0  2   2  1  0  23/37 22 
Josh Gorges              0  1  1  -2  4   2  0  1  0/0   16 
Michael Grabner          0  1  1   1  0   3  1  0  0/2   17 
Mikael Samuelsson        0  0  0   0  2   2  1  0  2/5   20 
Pierre-Marc Bouchard     0  1  1  -2  0   1  0  0  5/15  12 
Rob Schremp              0  0  0   0  0   2  1  1  5/11  9  
Teddy Purcell            1  0  1  -2  0   6  0  0  2/2   12 
Zach Bogosian            0  0  0  -2  0   0  2  0  0/0   17 
BlackHawks
Player Name              G  A  P  +/- PIM S  H  SB FO    MP 
------------------------------------------------------------
Anton Babchuk            0  1  1   2  2   2  1  0  0/0   21 
Chris Campoli            0  0  0   0  2   0  2  0  0/0   12 
Chris Neil               0  0  0   0  0   0  2  0  2/5   12 
Cody McCormick           0  1  1   0  0   0  0  0  0/0   14 
Daniel Paille            0  0  0   0  0   0  0  0  0/0   5  
Darren Helm              1  0  1   0  0   4  1  0  11/20 16 
Hal Gill                 0  0  0  -1  2   2  1  0  0/0   23 
James Neal               0  0  0  -1  0   3  2  0  0/2   15 
Jay McClement            0  0  0   0  0   1  0  0  6/12  10 
Joe Thornton             0  1  1  -1  0   2  0  0  14/27 18 
Mark Eaton               0  2  2   2  4   1  0  0  0/0   21 
Mathieu Darche           1  2  3   2  2   3  1  1  0/0   15 
Mats Zuccarello          1  1  2   2  0   2  1  0  1/2   15 
Mattias Ohlund           1  0  1  -1  0   1  1  2  0/0   24 
Pavel Datsyuk            1  0  1   2  0   3  0  0  9/28  16 
Ron Hainsey              0  0  0   0  2   1  1  1  0/0   17 
Sean Avery               0  1  1   0  2   0  5  0  1/2   12 
Tyler Kennedy            0  1  1  -1  0   3  2  0  0/4   21 

3 Stars

1 - Mathieu Darche (CHI)
2 - Mats Zuccarello (CHI)
3 - Pavel Datsyuk (CHI)

Power Play

Flames - 2 on 7 Attempt(s) - 28.57%
BlackHawks - 2 on 9 Attempt(s) - 22.22%

Penalty Kill

Flames - 7 on 9 Attempt(s) - 77.78% - Score 0 goal in Penalty Kill
BlackHawks - 5 on 7 Attempt(s) - 71.43% - Score 0 goal in Penalty Kill

Game Notes

Sergei Bobrovsky enters game at 9:40 of 2nd period

Finance

Level 1 -- Attendance: 6500 (100.00%) -- Ticket Income $552,500.00
Level 2 -- Attendance: 3513 (70.26%) -- Ticket Income $193,215.00
Level 3 -- Attendance: 3500 (100.00%) -- Ticket Income $105,000.00
Level 4 -- Attendance: 2809 (62.42%) -- Ticket Income $56,180.00
Luxury Box -- Attendance: 923 (92.30%) -- Ticket Income $161,525.00
Game was played at the United Center
Total Attendance: 17245 (84.12%)
Total Ticket Income: $1,127,677.00
Other Income: $207,530.40
Total Income: $1,335,207.00


Play by Play

Period #1

0:01 of 1st period - Anze Kopitar wins face-off versus James Neal in neutral zone.
0:18 of 1st period - Shot by Joe Thornton.
0:18 of 1st period - Deflect By James Neal.
0:18 of 1st period - Stopped by Miikka Kiprusoff without a rebound.
0:19 of 1st period - John Tavares wins face-off versus Pavel Datsyuk in Flames zone.
0:19 of 1st period - John Tavares is hit by Mats Zuccarello.
0:35 of 1st period - Shot by Mikael Samuelsson.
0:35 of 1st period - Stopped by Jose Theodore without a rebound.
0:36 of 1st period - Pierre-Marc Bouchard wins face-off versus Darren Helm in BlackHawks zone.
0:55 of 1st period - Shot by Pierre-Marc Bouchard.
0:55 of 1st period - Deflect By Jiri Hudler.
0:55 of 1st period - Stopped by Jose Theodore without a rebound.
0:56 of 1st period - Anze Kopitar wins face-off versus Tyler Kennedy in BlackHawks zone.
1:03 of 1st period - Shot by Dan Boyle.
1:03 of 1st period - Shot Misses the Net.
1:06 of 1st period - Icing by Hal Gill.
1:07 of 1st period - Joe Thornton wins face-off versus John Tavares in BlackHawks zone.
1:13 of 1st period - Tyler Kennedy is hit by Jack Johnson and loses puck.
1:14 of 1st period - Minor Penalty to Erik Johnson for Roughing.
1:15 of 1st period - Anze Kopitar wins face-off versus Pavel Datsyuk in Flames zone.
1:50 of 1st period - Shot by Mathieu Darche.
1:50 of 1st period - Stopped by Miikka Kiprusoff with a rebound.
1:54 of 1st period - Shot by Mathieu Darche.
1:54 of 1st period - Goal by Mathieu Darche - Flames : 0 - BlackHawks : 1.
1:55 of 1st period - Rob Schremp wins face-off versus Joe Thornton in neutral zone.
1:55 of 1st period - Dan Boyle is hit by James Neal and loses puck.
2:06 of 1st period - Shot by Joe Thornton.
2:06 of 1st period - Shot Blocked by Dan Boyle.
2:08 of 1st period - Shot by Tyler Kennedy.
2:08 of 1st period - Stopped by Miikka Kiprusoff without a rebound.
2:09 of 1st period - Teddy Purcell wins face-off versus Darren Helm in Flames zone.
2:09 of 1st period - Jiri Hudler is hit by Sean Avery and loses puck.
2:46 of 1st period - Shot by Pierre-Marc Bouchard.
2:46 of 1st period - Stopped by Jose Theodore without a rebound.
2:47 of 1st period - John Tavares wins face-off versus Tyler Kennedy in BlackHawks zone.
2:47 of 1st period - John Tavares is hit by Mattias Ohlund.
2:54 of 1st period - Minor Penalty to Hal Gill for Slashing.
2:55 of 1st period - John Tavares wins face-off versus Jay McClement in BlackHawks zone.
3:12 of 1st period - Shot by Michael Grabner.
3:12 of 1st period - Stopped by Jose Theodore without a rebound.
3:13 of 1st period - Anze Kopitar wins face-off versus Jay McClement in BlackHawks zone.
4:10 of 1st period - Shot by Michael Grabner.
4:10 of 1st period - Stopped by Jose Theodore without a rebound.
4:11 of 1st period - John Tavares wins face-off versus Jay McClement in BlackHawks zone.
4:12 of 1st period - Shot by Joffrey Lupul.
4:12 of 1st period - Shot Hit the Post.
5:24 of 1st period - Pierre-Marc Bouchard is hit by Tyler Kennedy and loses puck.
5:34 of 1st period - Icing by Hal Gill.
5:35 of 1st period - Joe Thornton wins face-off versus John Tavares in BlackHawks zone.
6:44 of 1st period - Shot by Anze Kopitar.
6:44 of 1st period - Shot Misses the Net.
6:46 of 1st period - Shot by Devin Setoguchi.
6:46 of 1st period - Shot Blocked by Ron Hainsey.
6:50 of 1st period - Shot by Anze Kopitar.
6:50 of 1st period - Goal by Anze Kopitar - Flames : 1 - BlackHawks : 1.
6:51 of 1st period - Jay McClement wins face-off versus Pierre-Marc Bouchard in neutral zone.
6:57 of 1st period - Icing by Josh Gorges.
6:58 of 1st period - Pierre-Marc Bouchard wins face-off versus Jay McClement in Flames zone.
8:09 of 1st period - Shot by Michael Grabner.
8:09 of 1st period - Deflect By Rob Schremp.
8:09 of 1st period - Stopped by Jose Theodore without a rebound.
8:10 of 1st period - Alex Steen wins face-off versus Pavel Datsyuk in BlackHawks zone.
8:32 of 1st period - Minor Penalty to Mikael Samuelsson for Roughing.
8:33 of 1st period - Anze Kopitar wins face-off versus Pavel Datsyuk in Flames zone.
8:33 of 1st period - Anze Kopitar is hit by Mathieu Darche.
9:09 of 1st period - Minor Penalty to Mark Eaton for Tripping.
9:10 of 1st period - Anze Kopitar wins face-off versus Darren Helm in BlackHawks zone.
9:55 of 1st period - Off-side.
9:56 of 1st period - John Tavares wins face-off versus Joe Thornton in neutral zone.
12:32 of 1st period - Anze Kopitar is hit by Hal Gill and loses puck.
12:58 of 1st period - Icing by Dan Hamhuis.
12:59 of 1st period - Darren Helm wins face-off versus Anze Kopitar in Flames zone.
13:09 of 1st period - Dan Boyle is hit by Sean Avery and loses puck.
13:21 of 1st period - Sean Avery is hit by Devin Setoguchi.
13:24 of 1st period - Minor Penalty to Chris Campoli for Roughing.
13:25 of 1st period - Rob Schremp wins face-off versus Pavel Datsyuk in BlackHawks zone.
13:46 of 1st period - Shot by Alex Steen.
13:46 of 1st period - Stopped by Jose Theodore without a rebound.
13:47 of 1st period - Jay McClement wins face-off versus Rob Schremp in BlackHawks zone.
14:41 of 1st period - Shot by Carl Gunnarsson.
14:41 of 1st period - Shot Misses the Net.
14:45 of 1st period - Shot by John Tavares.
14:45 of 1st period - Stopped by Jose Theodore without a rebound.
14:46 of 1st period - Darren Helm wins face-off versus Anze Kopitar in BlackHawks zone.
14:57 of 1st period - Shot by Jack Johnson.
14:57 of 1st period - Shot Misses the Net.
15:01 of 1st period - Shot by Alex Steen.
15:01 of 1st period - Shot Misses the Net.
15:03 of 1st period - Shot by Josh Gorges.
15:03 of 1st period - Stopped by Jose Theodore without a rebound.
15:04 of 1st period - John Tavares wins face-off versus Jay McClement in BlackHawks zone.
15:17 of 1st period - Shot by John Tavares.
15:17 of 1st period - Deflect By Joffrey Lupul.
15:17 of 1st period - Stopped by Jose Theodore without a rebound.
15:18 of 1st period - Darren Helm wins face-off versus John Tavares in BlackHawks zone.
15:24 of 1st period - Icing by Erik Johnson.
15:25 of 1st period - Darren Helm wins face-off versus Pierre-Marc Bouchard in Flames zone.
15:34 of 1st period - Shot by Teddy Purcell.
15:34 of 1st period - Stopped by Jose Theodore without a rebound.
15:35 of 1st period - Pavel Datsyuk wins face-off versus Pierre-Marc Bouchard in BlackHawks zone.
15:37 of 1st period - Icing by Anton Babchuk.
15:38 of 1st period - Pavel Datsyuk wins face-off versus Pierre-Marc Bouchard in BlackHawks zone.
15:49 of 1st period - Shot by Pavel Datsyuk.
15:49 of 1st period - Stopped by Miikka Kiprusoff with a rebound.
16:17 of 1st period - Icing by Zach Bogosian.
16:18 of 1st period - Pierre-Marc Bouchard wins face-off versus Joe Thornton in Flames zone.
16:45 of 1st period - Shot by Tyler Kennedy.
16:45 of 1st period - Stopped by Miikka Kiprusoff without a rebound.
16:46 of 1st period - Anze Kopitar wins face-off versus Darren Helm in Flames zone.
16:46 of 1st period - Anze Kopitar is hit by Darren Helm.
16:59 of 1st period - Michael Grabner is hit by Chris Campoli and loses puck.
17:24 of 1st period - Shot by Darren Helm.
17:24 of 1st period - Stopped by Miikka Kiprusoff without a rebound.
17:25 of 1st period - Chris Neil wins face-off versus John Tavares in Flames zone.
17:54 of 1st period - Shot by Alex Steen.
17:54 of 1st period - Stopped by Jose Theodore without a rebound.
17:55 of 1st period - Teddy Purcell wins face-off versus Pavel Datsyuk in BlackHawks zone.
18:04 of 1st period - Shot by Mats Zuccarello.
18:04 of 1st period - Shot Blocked by Josh Gorges.
18:06 of 1st period - Shot by Mark Eaton.
18:06 of 1st period - Shot Misses the Net.
18:08 of 1st period - Shot by Mathieu Darche.
18:08 of 1st period - Deflect By Mats Zuccarello.
18:08 of 1st period - Goal by Mats Zuccarello - Flames : 1 - BlackHawks : 2.
18:09 of 1st period - Rob Schremp wins face-off versus Joe Thornton in neutral zone.
18:23 of 1st period - Icing by Mattias Ohlund.
18:24 of 1st period - Joe Thornton wins face-off versus Pierre-Marc Bouchard in BlackHawks zone.
18:32 of 1st period - Minor Penalty to Josh Gorges for High sticking.
18:33 of 1st period - John Tavares wins face-off versus Mats Zuccarello in Flames zone.
19:27 of 1st period - Dan Boyle is hit by James Neal and loses puck.

Period #2

0:01 of 2nd period - Anze Kopitar wins face-off versus Tyler Kennedy in neutral zone.
0:37 of 2nd period - Off-side.
0:38 of 2nd period - Sean Avery wins face-off versus Rob Schremp in neutral zone.
0:38 of 2nd period - Ron Hainsey is hit by Rob Schremp.
1:21 of 2nd period - Off-side.
1:22 of 2nd period - John Tavares wins face-off versus Pavel Datsyuk in neutral zone.
1:36 of 2nd period - Shot by Alex Steen.
1:36 of 2nd period - Stopped by Jose Theodore without a rebound.
1:37 of 2nd period - Pierre-Marc Bouchard wins face-off versus Tyler Kennedy in BlackHawks zone.
1:51 of 2nd period - Shot by Teddy Purcell.
1:51 of 2nd period - Stopped by Jose Theodore without a rebound.
1:52 of 2nd period - John Tavares wins face-off versus Pavel Datsyuk in BlackHawks zone.
2:05 of 2nd period - Minor Penalty to Anton Babchuk for Hooking.
2:06 of 2nd period - Darren Helm wins face-off versus Anze Kopitar in BlackHawks zone.
3:49 of 2nd period - Icing by Mikael Samuelsson.
3:50 of 2nd period - Anze Kopitar wins face-off versus Jay McClement in Flames zone.
3:57 of 2nd period - Shot by Anze Kopitar.
3:57 of 2nd period - Stopped by Jose Theodore with a rebound.
3:59 of 2nd period - Shot by Dan Boyle.
3:59 of 2nd period - Shot Misses the Net.
4:01 of 2nd period - Shot by Mikael Samuelsson.
4:01 of 2nd period - Shot Misses the Net.
4:05 of 2nd period - Shot by Anze Kopitar.
4:05 of 2nd period - Stopped by Jose Theodore with a rebound.
4:10 of 2nd period - Minor Penalty to Sean Avery for Hooking.
4:11 of 2nd period - Darren Helm wins face-off versus John Tavares in BlackHawks zone.
4:11 of 2nd period - Darren Helm is hit by Michael Grabner.
5:32 of 2nd period - Shot by Rob Schremp.
5:32 of 2nd period - Stopped by Jose Theodore without a rebound.
5:33 of 2nd period - Jay McClement wins face-off versus Michael Grabner in BlackHawks zone.
5:33 of 2nd period - Jay McClement is hit by Joffrey Lupul.
5:57 of 2nd period - Shot by Michael Grabner.
5:57 of 2nd period - Stopped by Jose Theodore without a rebound.
5:58 of 2nd period - Anze Kopitar wins face-off versus Darren Helm in BlackHawks zone.
6:03 of 2nd period - Shot by Dan Boyle.
6:03 of 2nd period - Shot Misses the Net.
6:35 of 2nd period - Shot by Pierre-Marc Bouchard.
6:35 of 2nd period - Shot Misses the Net.
6:38 of 2nd period - Icing by Ron Hainsey.
6:39 of 2nd period - Anze Kopitar wins face-off versus Pavel Datsyuk in BlackHawks zone.
7:08 of 2nd period - Shot by Anze Kopitar.
7:08 of 2nd period - Shot Blocked by Mattias Ohlund.
7:09 of 2nd period - Minor Penalty to Devin Setoguchi for Charging.
7:10 of 2nd period - Mikael Samuelsson wins face-off versus Chris Neil in Flames zone.
7:16 of 2nd period - Icing by Mats Zuccarello.
7:17 of 2nd period - John Tavares wins face-off versus Chris Neil in BlackHawks zone.
7:39 of 2nd period - Icing by Mark Eaton.
7:40 of 2nd period - Anze Kopitar wins face-off versus Chris Neil in BlackHawks zone.
7:57 of 2nd period - Shot by Mark Eaton.
7:57 of 2nd period - Shot Misses the Net.
8:52 of 2nd period - Shot by Tyler Kennedy.
8:52 of 2nd period - Shot Blocked by Dan Hamhuis.
8:54 of 2nd period - Shot by Hal Gill.
8:54 of 2nd period - Stopped by Miikka Kiprusoff without a rebound.
8:55 of 2nd period - John Tavares wins face-off versus James Neal in Flames zone.
9:36 of 2nd period - Shot by Cody McCormick.
9:36 of 2nd period - Shot Misses the Net.
9:38 of 2nd period - Shot by Sean Avery.
9:38 of 2nd period - Shot Misses the Net.
9:40 of 2nd period - Shot by Darren Helm.
9:40 of 2nd period - Goal by Darren Helm - Flames : 1 - BlackHawks : 3.
9:40 of 2nd period - Sergei Bobrovsky enters game.
9:41 of 2nd period - Alex Steen wins face-off versus Joe Thornton in neutral zone.
9:43 of 2nd period - Off-side.
9:44 of 2nd period - Joe Thornton wins face-off versus John Tavares in neutral zone.
10:40 of 2nd period - Alex Steen is hit by Sean Avery and loses puck.
11:47 of 2nd period - Shot by Pierre-Marc Bouchard.
11:47 of 2nd period - Shot Misses the Net.
11:49 of 2nd period - Shot by Teddy Purcell.
11:49 of 2nd period - Stopped by Jose Theodore with a rebound.
11:53 of 2nd period - Shot by Jiri Hudler.
11:53 of 2nd period - Shot Misses the Net.
11:55 of 2nd period - Shot by Jiri Hudler.
11:55 of 2nd period - Deflect By Teddy Purcell.
11:55 of 2nd period - Stopped by Jose Theodore with a rebound.
11:57 of 2nd period - Shot by Jiri Hudler.
11:57 of 2nd period - Shot Misses the Net.
11:59 of 2nd period - Shot by Josh Gorges.
11:59 of 2nd period - Stopped by Jose Theodore without a rebound.
12:00 of 2nd period - Pierre-Marc Bouchard wins face-off versus Pavel Datsyuk in BlackHawks zone.
12:24 of 2nd period - Pierre-Marc Bouchard is hit by Anton Babchuk and loses puck.
12:28 of 2nd period - Minor Penalty to Mark Eaton for Holding.
12:29 of 2nd period - Jay McClement wins face-off versus John Tavares in BlackHawks zone.
12:29 of 2nd period - Jay McClement is hit by Joffrey Lupul.
12:47 of 2nd period - Shot by Joffrey Lupul.
12:47 of 2nd period - Goal by Joffrey Lupul - Flames : 2 - BlackHawks : 3.
12:48 of 2nd period - Jay McClement wins face-off versus Anze Kopitar in neutral zone.
12:51 of 2nd period - Dan Boyle is hit by Chris Neil and loses puck.
13:09 of 2nd period - Shot by Chris Neil.
13:09 of 2nd period - Shot Misses the Net.
13:53 of 2nd period - Minor Penalty to Josh Gorges for Roughing.
13:54 of 2nd period - Joe Thornton wins face-off versus John Tavares in Flames zone.
15:16 of 2nd period - Shot by Joe Thornton.
15:16 of 2nd period - Deflect By James Neal.
15:16 of 2nd period - Shot Misses the Net.
15:18 of 2nd period - Shot by Ron Hainsey.
15:18 of 2nd period - Stopped by Sergei Bobrovsky with a rebound.
15:22 of 2nd period - Shot by James Neal.
15:22 of 2nd period - Stopped by Sergei Bobrovsky without a rebound.
15:23 of 2nd period - Pavel Datsyuk wins face-off versus Mikael Samuelsson in Flames zone.
15:24 of 2nd period - Shot by Mathieu Darche.
15:24 of 2nd period - Stopped by Sergei Bobrovsky with a rebound.
15:26 of 2nd period - Shot by Mark Eaton.
15:26 of 2nd period - Stopped by Sergei Bobrovsky without a rebound.
15:27 of 2nd period - Joe Thornton wins face-off versus John Tavares in Flames zone.
15:54 of 2nd period - Icing by Anze Kopitar.
15:55 of 2nd period - Darren Helm wins face-off versus Pierre-Marc Bouchard in Flames zone.
16:22 of 2nd period - Pierre-Marc Bouchard is hit by Chris Campoli and loses puck.
16:34 of 2nd period - Minor Penalty to John Tavares for Roughing.
16:35 of 2nd period - Pavel Datsyuk wins face-off versus Mikael Samuelsson in Flames zone.
16:56 of 2nd period - Shot by Anton Babchuk.
16:56 of 2nd period - Stopped by Sergei Bobrovsky without a rebound.
16:57 of 2nd period - Anze Kopitar wins face-off versus Joe Thornton in Flames zone.
17:14 of 2nd period - Shot by Joe Thornton.
17:14 of 2nd period - Stopped by Sergei Bobrovsky with a rebound.
17:16 of 2nd period - Shot by Mattias Ohlund.
17:16 of 2nd period - Goal by Mattias Ohlund - Flames : 2 - BlackHawks : 4.
17:17 of 2nd period - John Tavares wins face-off versus Pavel Datsyuk in neutral zone.
18:09 of 2nd period - Icing by Dan Boyle.
18:10 of 2nd period - Darren Helm wins face-off versus Rob Schremp in Flames zone.
18:16 of 2nd period - Icing by Dan Hamhuis.
18:17 of 2nd period - Joe Thornton wins face-off versus Rob Schremp in Flames zone.
19:10 of 2nd period - Icing by Mattias Ohlund.
19:11 of 2nd period - John Tavares wins face-off versus Joe Thornton in BlackHawks zone.

Period #3

0:01 of 3rd period - Anze Kopitar wins face-off versus Joe Thornton in neutral zone.
0:01 of 3rd period - Anze Kopitar is hit by Tyler Kennedy.
0:08 of 3rd period - Shot by Dan Hamhuis.
0:08 of 3rd period - Deflect By Anze Kopitar.
0:08 of 3rd period - Stopped by Jose Theodore without a rebound.
0:09 of 3rd period - John Tavares wins face-off versus Pavel Datsyuk in BlackHawks zone.
0:40 of 3rd period - Shot by Alex Steen.
0:40 of 3rd period - Stopped by Jose Theodore with a rebound.
0:53 of 3rd period - Mathieu Darche is hit by Mikael Samuelsson and loses puck.
1:09 of 3rd period - James Neal is hit by Jack Johnson and loses puck.
1:38 of 3rd period - Shot by James Neal.
1:38 of 3rd period - Shot Misses the Net.
1:40 of 3rd period - Shot by Mattias Ohlund.
1:40 of 3rd period - Deflect By Tyler Kennedy.
1:40 of 3rd period - Shot Misses the Net.
1:44 of 3rd period - Shot by Joe Thornton.
1:44 of 3rd period - Deflect By Tyler Kennedy.
1:44 of 3rd period - Shot Blocked by Jack Johnson.
1:46 of 3rd period - Shot by Hal Gill.
1:46 of 3rd period - Shot Blocked by Erik Johnson.
1:53 of 3rd period - Icing by Erik Johnson.
1:54 of 3rd period - John Tavares wins face-off versus Darren Helm in Flames zone.
1:54 of 3rd period - John Tavares is hit by Sean Avery.
1:57 of 3rd period - Icing by Mikael Samuelsson.
1:58 of 3rd period - John Tavares wins face-off versus Darren Helm in Flames zone.
1:58 of 3rd period - Erik Johnson is hit by Sean Avery and loses puck.
2:25 of 3rd period - Shot by Chris Campoli.
2:25 of 3rd period - Shot Misses the Net.
2:27 of 3rd period - Shot by Darren Helm.
2:27 of 3rd period - Stopped by Sergei Bobrovsky without a rebound.
2:28 of 3rd period - Anze Kopitar wins face-off versus Pavel Datsyuk in Flames zone.
2:50 of 3rd period - Minor Penalty to Mathieu Darche for Hooking.
2:50 of 3rd period - Minor Penalty to Dan Hamhuis for Hooking.
2:51 of 3rd period - Anze Kopitar wins face-off versus Joe Thornton in Flames zone.
3:00 of 3rd period - Shot by Rob Schremp.
3:00 of 3rd period - Shot Misses the Net.
3:29 of 3rd period - Dan Boyle is hit by Chris Neil and loses puck.
3:47 of 3rd period - Shot by Tyler Kennedy.
3:47 of 3rd period - Stopped by Sergei Bobrovsky with a rebound.
3:49 of 3rd period - Shot by Darren Helm.
3:49 of 3rd period - Stopped by Sergei Bobrovsky without a rebound.
3:50 of 3rd period - Devin Setoguchi wins face-off versus Darren Helm in Flames zone.
4:15 of 3rd period - Shot by Devin Setoguchi.
4:15 of 3rd period - Deflect By Jiri Hudler.
4:15 of 3rd period - Stopped by Jose Theodore without a rebound.
4:16 of 3rd period - Joffrey Lupul wins face-off versus Joe Thornton in BlackHawks zone.
4:56 of 3rd period - Minor Penalty to Devin Setoguchi for Hooking.
4:57 of 3rd period - Pavel Datsyuk wins face-off versus Anze Kopitar in Flames zone.
4:58 of 3rd period - Shot by Anton Babchuk.
4:58 of 3rd period - Stopped by Sergei Bobrovsky without a rebound.
4:59 of 3rd period - Pavel Datsyuk wins face-off versus Anze Kopitar in Flames zone.
5:49 of 3rd period - Icing by Hal Gill.
5:50 of 3rd period - Joe Thornton wins face-off versus John Tavares in BlackHawks zone.
6:08 of 3rd period - Shot by James Neal.
6:08 of 3rd period - Stopped by Sergei Bobrovsky without a rebound.
6:09 of 3rd period - Joe Thornton wins face-off versus John Tavares in Flames zone.
7:00 of 3rd period - Shot by Jay McClement.
7:00 of 3rd period - Stopped by Sergei Bobrovsky without a rebound.
7:01 of 3rd period - Darren Helm wins face-off versus Rob Schremp in Flames zone.
7:27 of 3rd period - Shot by Michael Grabner.
7:27 of 3rd period - Shot Misses the Net.
7:29 of 3rd period - Shot by Michael Grabner.
7:29 of 3rd period - Shot Misses the Net.
8:43 of 3rd period - Icing by Josh Gorges.
8:44 of 3rd period - Mats Zuccarello wins face-off versus Pierre-Marc Bouchard in Flames zone.
8:52 of 3rd period - Off-side.
8:53 of 3rd period - Pavel Datsyuk wins face-off versus Anze Kopitar in neutral zone.
9:05 of 3rd period - Shot by Pavel Datsyuk.
9:05 of 3rd period - Shot Blocked by Dan Boyle.
9:46 of 3rd period - Icing by Ron Hainsey.
9:47 of 3rd period - Darren Helm wins face-off versus John Tavares in BlackHawks zone.
9:47 of 3rd period - Darren Helm is hit by John Tavares.
10:47 of 3rd period - Shot by Teddy Purcell.
10:47 of 3rd period - Stopped by Jose Theodore without a rebound.
10:48 of 3rd period - Chris Neil wins face-off versus Rob Schremp in BlackHawks zone.
11:01 of 3rd period - Shot by Daniel Paille.
11:01 of 3rd period - Shot Misses the Net.
11:52 of 3rd period - Shot by Pavel Datsyuk.
11:52 of 3rd period - Goal by Pavel Datsyuk - Flames : 2 - BlackHawks : 5.
11:53 of 3rd period - Joe Thornton wins face-off versus John Tavares in neutral zone.
12:02 of 3rd period - Shot by James Neal.
12:02 of 3rd period - Shot Hit the Post.
12:04 of 3rd period - Shot by Joe Thornton.
12:04 of 3rd period - Stopped by Sergei Bobrovsky without a rebound.
12:05 of 3rd period - John Tavares wins face-off versus Pavel Datsyuk in Flames zone.
12:12 of 3rd period - Shot by Mikael Samuelsson.
12:12 of 3rd period - Shot Misses the Net.
12:25 of 3rd period - Shot by Pavel Datsyuk.
12:25 of 3rd period - Shot Misses the Net.
12:28 of 3rd period - Icing by Jack Johnson.
12:29 of 3rd period - John Tavares wins face-off versus Sean Avery in Flames zone.
12:52 of 3rd period - Off-side.
12:53 of 3rd period - Joe Thornton wins face-off versus Pierre-Marc Bouchard in neutral zone.
12:53 of 3rd period - James Neal is hit by Jiri Hudler.
13:10 of 3rd period - Joe Thornton is hit by Zach Bogosian and loses puck.
13:14 of 3rd period - Joe Thornton is hit by Zach Bogosian and loses puck.
13:21 of 3rd period - Shot by Tyler Kennedy.
13:21 of 3rd period - Shot Misses the Net.
13:23 of 3rd period - Shot by James Neal.
13:23 of 3rd period - Shot Misses the Net.
13:25 of 3rd period - Shot by James Neal.
13:25 of 3rd period - Shot Misses the Net.
13:27 of 3rd period - Shot by Joe Thornton.
13:27 of 3rd period - Shot Misses the Net.
13:38 of 3rd period - Icing by Pierre-Marc Bouchard.
13:39 of 3rd period - Darren Helm wins face-off versus Pierre-Marc Bouchard in Flames zone.
13:58 of 3rd period - Minor Penalty to Jiri Hudler for Hooking.
13:59 of 3rd period - John Tavares wins face-off versus Pavel Datsyuk in Flames zone.
14:08 of 3rd period - Shot by Pavel Datsyuk.
14:08 of 3rd period - Stopped by Sergei Bobrovsky without a rebound.
14:09 of 3rd period - Mikael Samuelsson wins face-off versus Pavel Datsyuk in Flames zone.
14:15 of 3rd period - Icing by Mathieu Darche.
14:16 of 3rd period - Pavel Datsyuk wins face-off versus Mikael Samuelsson in BlackHawks zone.
14:40 of 3rd period - Minor Penalty to Anze Kopitar for High sticking.
14:41 of 3rd period - Rob Schremp wins face-off versus Joe Thornton in Flames zone.
15:00 of 3rd period - Shot by James Neal.
15:00 of 3rd period - Shot Misses the Net.
15:02 of 3rd period - Shot by Mattias Ohlund.
15:02 of 3rd period - Shot Blocked by Rob Schremp.
15:04 of 3rd period - Shot by Hal Gill.
15:04 of 3rd period - Stopped by Sergei Bobrovsky without a rebound.
15:05 of 3rd period - John Tavares wins face-off versus Pavel Datsyuk in Flames zone.
15:13 of 3rd period - Icing by Pavel Datsyuk.
15:14 of 3rd period - John Tavares wins face-off versus Pavel Datsyuk in BlackHawks zone.
15:34 of 3rd period - Shot by Mats Zuccarello.
15:34 of 3rd period - Stopped by Sergei Bobrovsky without a rebound.
15:35 of 3rd period - Rob Schremp wins face-off versus Joe Thornton in Flames zone.
16:35 of 3rd period - Shot by Devin Setoguchi.
16:35 of 3rd period - Shot Blocked by Mathieu Darche.
16:38 of 3rd period - Icing by Mark Eaton.
16:39 of 3rd period - John Tavares wins face-off versus Pavel Datsyuk in BlackHawks zone.
16:49 of 3rd period - John Tavares is hit by Ron Hainsey and loses puck.
16:58 of 3rd period - Shot by Mikael Samuelsson.
16:58 of 3rd period - Deflect By John Tavares.
16:58 of 3rd period - Shot Misses the Net.
17:00 of 3rd period - Shot by Mikael Samuelsson.
17:00 of 3rd period - Shot Misses the Net.
17:01 of 3rd period - Minor Penalty to Ron Hainsey for Interference.
17:02 of 3rd period - Jay McClement wins face-off versus Michael Grabner in BlackHawks zone.
17:21 of 3rd period - Shot by Erik Johnson.
17:21 of 3rd period - Shot Misses the Net.
17:23 of 3rd period - Shot by Dan Hamhuis.
17:23 of 3rd period - Shot Blocked by Mattias Ohlund.
17:25 of 3rd period - Shot by Joffrey Lupul.
17:25 of 3rd period - Shot Misses the Net.
17:27 of 3rd period - Shot by Dan Hamhuis.
17:27 of 3rd period - Stopped by Jose Theodore with a rebound.
17:31 of 3rd period - Shot by Michael Grabner.
17:31 of 3rd period - Deflect By John Tavares.
17:31 of 3rd period - Goal by John Tavares - Flames : 3 - BlackHawks : 5.
17:32 of 3rd period - Pavel Datsyuk wins face-off versus Anze Kopitar in neutral zone.
18:15 of 3rd period - Icing by Dan Boyle.
18:16 of 3rd period - Anze Kopitar wins face-off versus Joe Thornton in Flames zone.
18:21 of 3rd period - Off-side.
18:22 of 3rd period - Joe Thornton wins face-off versus Pierre-Marc Bouchard in neutral zone.
18:39 of 3rd period - Shot by Teddy Purcell.
18:39 of 3rd period - Goal by Teddy Purcell - Flames : 4 - BlackHawks : 5.
18:40 of 3rd period - John Tavares wins face-off versus Darren Helm in neutral zone.
18:56 of 3rd period - Shot by Mikael Samuelsson.
18:56 of 3rd period - Stopped by Jose Theodore without a rebound.
18:57 of 3rd period - Joe Thornton wins face-off versus John Tavares in BlackHawks zone.
19:17 of 3rd period - Flames, Sergei Bobrovsky is pulled from the net.
19:20 of 3rd period - Icing by Joe Thornton.
19:21 of 3rd period - Joe Thornton wins face-off versus Anze Kopitar in BlackHawks zone.


Output by the SimonT Hockey Simulator (STHS) for Stephane Roy -- Original Page W3C XHTML 1.0 Valid